AoeStats
← Lliret

Scandinavia

513246597Analyzed
1v1 RM · 7d ago on Oct 12, 2026· 49m 51s· 2 players
Game mode
Random Map
Map size
Tiny (2 player)
Population
200
Speed
Normal
Resources
Standard
Victory
Conquest
Starting age
Dark Age
Ending age
Imperial Age
RankedLock teamsTeams togetherTeam positionsShared explorationLock speedFull tech treeHidden civsTurbo modeCheats
Victory
Defeat
🇪🇸 Mongols · Spain
1080
+15
vs
🇨🇭 Vikings · Switzerland
1059
-15
Fede_II
7:19 Loom
11:18 Feudal Age
12:11 Double-Bit Axe
14:42 Horse Collar
15:08 Town Watch
21:00 Castle Age
19:20 Fletching
19:30 Padded Archer Armor
20:50 Gold Mining
21:06 Scale Mail Armor
22:21 Crossbowman
32:58 Imperial Age
30:45 Bow Saw
33:55 Chain Mail Armor
33:47 Bodkin Arrow
35:44 Elite Skirmisher
37:30 Bracer
37:40 Forging
39:59 Chieftains
40:37 Plate Mail Armor
40:42 Iron Casting
40:27 Pikeman
46:07 Arbalester
Lliret
3:56 Loom
9:34 Feudal Age
16:25 Castle Age
15:35 Double-Bit Axe
17:55 Crossbowman
19:17 Fishing Lines
20:36 Fletching
22:14 Bodkin Arrow
22:53 Gold Mining
24:57 Thumb Ring
26:45 Ballistics
27:11 Wheelbarrow
31:52 Imperial Age
32:22 Padded Archer Armor
33:16 Hand Cart
32:27 Capped Ram
34:53 Chemistry
36:22 Elite Steppe Lancer
37:13 Bloodlines
37:03 Husbandry
37:14 Light Cavalry
39:06 Forging
41:12 Iron Casting
40:29 Elite Skirmisher
42:53 Arbalester
42:55 Hussar
46:53 Bracer
49:47 Blast Furnace
Connection lost

Rejoining the realm…

Still unreachable

The connection could not be restored.

Session expired

The server has moved on; the page needs a fresh start.